AoeStats
← 凉拌皮蛋

Arabia

508596235Analyzed
1v1 RM · 9d ago on Sep 23, 2026· 30m 0s· 2 players
Game mode
Random Map
Map size
Tiny (2 player)
Population
200
Speed
Normal
Resources
Standard
Victory
Conquest
Starting age
Dark Age
Ending age
Imperial Age
RankedLock teamsTeams togetherTeam positionsShared explorationLock speedFull tech treeHidden civsTurbo modeCheats
Victory
Defeat
🇨🇳 Wei · China
1301
+13
🇵🇪 Franks · Peru
1225
-13
凉拌皮蛋
5:52 Loom
8:51 Feudal Age
9:29 Double-Bit Axe
9:47 Horse Collar
15:46 Wheelbarrow
18:16 Gold Mining
20:57 Castle Age
20:12 Bloodlines
20:16 Fletching
20:42 Town Watch
21:38 Husbandry
21:36 Bodkin Arrow
21:52 Bow Saw
22:23 Padded Archer Armor
23:26 Leather Archer Armor
23:49 Ballistics
24:14 Thumb Ring
26:07 Leather Archer Armor
26:56 Hand Cart
27:26 Stone Mining
argot21
6:57 Loom
9:09 Feudal Age
10:08 Double-Bit Axe
21:51 Castle Age
20:47 Forging
22:26 Scale Barding Armor
24:35 Town Watch
24:46 Fletching
27:16 Padded Archer Armor
27:10 Elite Skirmisher
Connection lost

Rejoining the realm…

Still unreachable

The connection could not be restored.

Session expired

The server has moved on; the page needs a fresh start.